 Seeded DCSS version 0.31-a0-542-gdc2a67831c (webtiles) character file.

Game seed: 3826825538972431165 (custom seed)

77 innerfire43 the Insei (level 4, -2/34 HPs)
             Began as a Gnoll Shapeshifter on Aug 14, 2023.
             Slain by a goblin
             ... wielding a +0 club
             ... led by Robin
              (5 damage)
             ... on level 2 of the Dungeon.
             The game lasted 00:01:04 (948 turns).

innerfire43 the Insei (Gnoll Shapeshifter)           Turns: 948, Time: 00:01:04

Health: -2/34      AC:  2    Str: 14    XL:     4   Next: 34%
Magic:  5/5        EV: 14    Int:  7    God:
Gold:   173        SH:  0    Dex: 15    Spells: 5/5 levels left

rFire   . .          .
                       - Unarmed
rCold   . . .        (no shield)
rNeg    . . .        a - +0 animal skin
rPois   .            (helmet currently unavailable)
rElec   .            (cloak currently unavailable)
rCorr   .            (gloves currently unavailable)
SInv    .            (boots currently unavailable)
Will    .....        (no amulet)
Stlth   ++           (no ring)
HPRegen 0.25/turn    (no ring)
MPRegen 0.09/turn

%: no passive effects
@: beast-form
A: beast (slay +4), fangs 1, strong nose, distributed training
a: Begin Untransformation


You were on level 2 of the Dungeon.
You were a hulking beast.
You visited 1 branch of the dungeon, and saw 2 of its levels.

You collected 173 gold pieces.

Inventory:

Armour
 a - a +0 animal skin (worn)
Jewellery
 o - a ring of protection from cold
Talismans
 c - a beast talisman (active)
 d - a flux talisman
Scrolls
 e - a scroll of acquirement {unknown}
 f - 2 scrolls of vulnerability {unknown}
 g - a scroll of amnesia {unknown}
 h - a scroll of identify {unknown}
 i - 2 scrolls of noise {unknown}
 k - a scroll of brand weapon {unknown}
 m - a scroll of torment {unknown}
Potions
 b - a potion of lignification
 j - 2 potions of mutation {unknown}
 l - a potion of cancellation {unknown}
 n - a potion of brilliance {unknown}


   Skills:
 + Level 2.7 Fighting
 + Level 1.1 Short Blades
 + Level 1.1 Long Blades
 + Level 1.1 Axes
 + Level 1.1 Maces & Flails
 + Level 1.1 Polearms
 + Level 1.1 Staves
 + Level 1.1 Ranged Weapons
 + Level 1.1 Throwing
 + Level 1.1 Armour
 + Level 4.6 Dodging
 + Level 1.1 Stealth
 + Level 1.1 Shields
 + Level 6.6 Unarmed Combat
 + Level 1.1 Spellcasting
 + Level 0.9 Conjurations
 + Level 0.9 Hexes
 + Level 0.9 Summonings
 + Level 0.9 Necromancy
 + Level 0.9 Translocations
 + Level 0.9 Transmutations
 + Level 0.9 Fire Magic
 + Level 0.9 Ice Magic
 + Level 0.9 Air Magic
 + Level 0.9 Earth Magic
 + Level 0.9 Poison Magic
 + Level 1.2 Invocations
 + Level 1.1 Evocations
 + Level 6.5 Shapeshifting


You had 5 spell levels left.
You didn't know any spells.
Your spell library was empty.

Dungeon Overview and Level Annotations

Branches:
Dungeon (2/15)

Altars:


Innate Abilities, Weirdness & Mutations

You are a hulking beast.
Your limbs bulge with bestial killing power. (Slay +4)
You have very sharp teeth.
Your uncanny sense of smell can sniff out nearby items.
Your experience applies equally to all skills.


Message History

You barely miss the hobgoblin. You punch the hobgoblin.
You kill the hobgoblin!
You barely miss the goblin. You punch the goblin.
The goblin is almost dead.
The goblin hits you but does no damage. Robin throws the goblin at you!
The hobgoblin completely misses you. Robin hits you with a +0 club.
Items here: )))) †.
You hit Robin. You bite Robin.
Robin is moderately wounded.
The hobgoblin closely misses you. The goblin barely misses you.
Robin barely misses you.
You barely miss Robin.
Robin is moderately wounded.
The hobgoblin barely misses you. The goblin hits you but does no damage.
Robin hits you with a +0 club.
You punch Robin! You punch Robin.
Robin is almost dead.
The hobgoblin misses you. The goblin hits you with a +0 club.
* * * LOW HITPOINT WARNING * * *
Robin completely misses you.
You completely miss Robin.
Robin is almost dead.
The hobgoblin hits you but does no damage.
The goblin hits you with a +0 club.
* * * LOW HITPOINT WARNING * * *
Robin hits you with a +0 club.
* * * LOW HITPOINT WARNING * * *
You hit Robin. You bite Robin.
You kill Robin!
The hobgoblin no longer looks unusually strong.
Unknown command.
You closely miss the goblin.
The goblin is almost dead.
The goblin hits you with a +0 club.
* * * LOW HITPOINT WARNING * * *
The hobgoblin misses you.
You barely miss the goblin.
The goblin is almost dead.
The goblin hits you with a +0 club.
You die...

#..†.......#.........#
#..........#.........# ###
####..........#.........# .?..
#.............#.........## .....
#.............########....
.....###.............###########.
...$...........g.....##.....# #.
.)..<...g......g#######.....#####
......).....###ghg..........'....
##...g.###### ######........#####
#...g. #........# #.....
#.....#### #...g. #.....# #....g
#....†# #..... #.....# #.....
#.....# #.....#


You could see 2 hobgoblins and 2 goblins.

Vanquished Creatures
  Robin (D:2)
  2 adders (D:2)
  A dart slug (D:1)
  4 bats
  5 endoplasms
  3 giant cockroaches (D:1)
  9 goblins
  3 hobgoblins
  2 jackals (D:2)
  2 kobolds (D:1)
  A quokka (D:2)
  2 ball pythons (D:1)
  A frilled lizard (D:1)
  4 rats (D:1)
40 creatures vanquished.

Notes
Turn   | Place    | Note
-------+----------+-------------------------------------------
     0 | D:1      | innerfire43 the Gnoll Shapeshifter began the quest for the
                  | Orb.
     0 | D:1      | Reached XP level 1. HP: 17/17 MP: 1/1
   178 | D:1      | Reached XP level 2. HP: 23/23 MP: 2/2
   384 | D:1      | Reached XP level 3. HP: 23/28 MP: 3/3
   758 | D:2      | Reached skill level 1 in Invocations
   771 | D:2      | Reached skill level 1 in Short Blades
   771 | D:2      | Reached skill level 1 in Long Blades
   771 | D:2      | Reached skill level 1 in Axes
   771 | D:2      | Reached skill level 1 in Maces & Flails
   771 | D:2      | Reached skill level 1 in Polearms
   771 | D:2      | Reached skill level 1 in Staves
   771 | D:2      | Reached skill level 1 in Ranged Weapons
   771 | D:2      | Reached skill level 1 in Throwing
   771 | D:2      | Reached skill level 1 in Armour
   771 | D:2      | Reached skill level 1 in Stealth
   771 | D:2      | Reached skill level 1 in Shields
   771 | D:2      | Reached skill level 1 in Spellcasting
   771 | D:2      | Reached skill level 1 in Evocations
   912 | D:2      | Noticed Robin
   915 | D:2      | Reached XP level 4. HP: 34/34 MP: 5/5
   946 | D:2      | Killed Robin
   948 | D:2      | Slain by a goblin

Illustrated notes

Levels and vault maps discovered:
D:1:      roderic_crop_circles_arrival_large, layout_basic
D:2:      layout_basic, minmay_distorted, uniq_robin, uniq_jessica

Skill      XL: |  1  2  3 |
---------------+----------+-----
Invocations    | 1 |  1.2
Short Blades   | 1 |  1.1
Long Blades    | 1 |  1.1
Axes           | 1 |  1.1
Maces & Flails | 1 |  1.1
Polearms       | 1 |  1.1
Staves         | 1 |  1.1
Ranged Weapons | 1 |  1.1
Throwing       | 1 |  1.1
Armour         | 1 |  1.1
Stealth        | 1 |  1.1
Shields        | 1 |  1.1
Spellcasting   | 1 |  1.1
Evocations     | 1 |  1.1
Fighting       | |  2.7
Dodging        | |  4.6
Unarmed Combat | |  6.6
Conjurations   | |  0.9
Hexes          | |  0.9
Summonings     | |  0.9
Necromancy     | |  0.9
Translocations | |  0.9
Transmutations | |  0.9
Fire Magic     | |  0.9
Ice Magic      | |  0.9
Air Magic      | |  0.9
Earth Magic    | |  0.9
Poison Magic   | |  0.9
Shapeshifting  | |  6.5

Action                     |  1- 3 |  4- 6 || total
---------------------------+-------+-------++-------
  Melee: Unarmed           |    65 |    21 ||    86
         Bite              |     3 |     2 ||     5
         Punch             |       |     3 ||     3
   Stab: Sleeping          |     1 |       ||     1
 Armour: Animal skin       |    10 |     3 ||    13
  Dodge: Dodged            |    46 |    25 ||    71

Table legend: (Time is in decaauts)
 A = Elapsed time spent in this place.
 B = Non-inter-level travel time spent in this place.
 C = Inter-level travel time spent in this place.
 D = Time resting spent in this place.
 E = Time spent auto-exploring this place.
 F = Levels seen in this place.
 G = Mean time per level.
                   A        B        C        D        E       F      G
               +--------+--------+--------+--------+--------+-----+--------+
         Total |    937 |    875 |     62 |      0 |    680 |   2 |  468.5 |
       Dungeon |    937 |    875 |     62 |      0 |    680 |   2 |  468.5 |
               +--------+--------+--------+--------+--------+-----+--------+

Top non-repeatable levels by time:
     D:1: 710 daAuts
     D:2: 227 daAuts
